 Dungeon Crawl Stone Soup version 0.27-a0-223-ge082b6e869 (webtiles) character file.

Game seed: 741955772419964976

24 iamserjio the Stinger (level 3, 0/28 HPs)
             Began as a Naga Venom Mage on Feb 1, 2021.
             Slain by a jackal (1 damage)
             ... on level 2 of the Dungeon.
             The game lasted 00:01:06 (141 turns).

iamserjio the Stinger (Naga Venom Mage)              Turns: 141, Time: 00:01:06

Health: 0/28       AC:  2    Str: 10    XL:     3   Next: 2%
Magic:  3/6        EV: 10    Int: 16    God:
Gold:   32         SH:  0    Dex: 11    Spells: 5/6 levels left

rFire    . . .     SeeInvis +   d - +0 spear
rCold    . . .     Faith    .   (no shield)
rNeg     . . .     Spirit   .   a - +0 robe
rPois    +         Reflect  .   (no helmet)
rElec    .         Harm     .   (no cloak)
rCorr    .         Rampage  .   (no gloves)
Will     .....                  (no barding)
Stlth    ++........             (no amulet)
HPRegen  0.09/turn              (no ring)
MPRegen  0.10/turn              (no ring)

@: very slow
A: large, see invisible, deformed body, poison resistance, slowness 2, spit
poison 1, AC +1
a: Spit Poison


You were on level 2 of the Dungeon.
You visited 1 branch of the dungeon, and saw 2 of its levels.

You collected 32 gold pieces.

Inventory:

Hand Weapons
 d - a +0 spear (weapon)
Missiles
 c - 11 poisoned darts
Armour
 a - a +0 robe (worn)
Scrolls
 b - a scroll of enchant weapon {unknown}
 e - a scroll of teleportation {unknown}
Potions
 f - 2 potions of invisibility {unknown}


   Skills:
 - Level 1.5 Dodging
 + Level 3.6 Stealth
 - Level 2.0 Spellcasting
 * Level 2.1 Transmutations
 + Level 4.4 Poison Magic


You had 5 spell levels left.
You knew the following spells:

 Your Spells              Type           Power        Failure   Level
a - Sting                 Tmut/Pois      48%          5%          1

Your spell library contained the following spells:

 Spells                   Type           Power        Failure   Level
 Poisonous Vapours        Pois/Air       16%          13%         2
 Ignite Poison            Fire/Tmut/Pois 8%           26%         3
 Olgreb's Toxic Radiance  Pois           15%          32%         4
 Mephitic Cloud           Conj/Pois/Air  6%           34%         3


Dungeon Overview and Level Annotations

Branches:
Dungeon (2/15)

Altars:


Innate Abilities, Weirdness & Mutations

You cannot wear boots.
Your serpentine skin is tough. (AC +1)
You have supernaturally acute eyesight. (SInv)
Armour fits poorly on your strangely shaped body.
Your system is resistant to poisons. (rPois)
You cover ground very slowly.
You can spit poison.


Message History

A hobgoblin comes into view. It is wielding a +0 club.
You see here 2 smoky golden potions.
f - 2 smoky golden potions The hobgoblin shouts!
The jackal bites you but does no damage.
The jackal bites you.
* * * LOW HITPOINT WARNING * * *
The jackal bites you.
* * * LOW HITPOINT WARNING * * *
The jackal bites you.
* * * LOW HITPOINT WARNING * * *
The jackal bites you.
* * * LOW HITPOINT WARNING * * *
The jackal bites you.
* * * LOW HITPOINT WARNING * * *
Casting: Sting (safe; 5% risk of failure)
Aiming: Sting (safe; 5% risk of failure)
Aim: a jackal (36% to evade)
The sting hits the jackal.
The jackal is poisoned.
The jackal bites you.
You die...

#.♣.♣
###.#.#
#.♣.♣.♣#♣g..
#........h..
#.♣h♣g♣#♣...
#.....#
#...♣.♣
#....g#####
###'#..h@<#
#.#..####.##
#.#.>.......
#.#..####..#
#.#..#
#.#..#
#.#..#
#.#... #..#


You could see a jackal (poisoned) and a hobgoblin.

Vanquished Creatures
  An adder (D:2)
  2 oozes (D:1)
  A bat (D:1)
  2 goblins (D:1)
  A rat (D:1)
7 creatures vanquished.

Notes
Turn   | Place    | Note
-------+----------+-------------------------------------------
     0 | D:1      | iamserjio the Naga Venom Mage began the quest for the Orb.
     0 | D:1      | Reached XP level 1. HP: 15/15 MP: 3/3
    43 | D:1      | Reached XP level 2. HP: 6/22 MP: 0/5
   119 | D:2      | Reached XP level 3. HP: 5/28 MP: 1/6
   140 | D:2      | HP: 1/28 [jackal (1)]
   141 | D:2      | Slain by a jackal

Illustrated notes

Levels and vault maps discovered:
D:1:      dpeg_arrival_radiant, layout_basic, hangedman_glass_teeth,
          minmay_large_rounded_square, minmay_misc_feat_hallway,
          ebering_dispersal_statue_hall, minmay_pentomino_r4
D:2:      layout_basic, fedhas_altar_3, serial_forest,
          infiniplex_forest_lined_2, infiniplex_forest_clump_small,
          infiniplex_forest_end_2, infiniplex_forest_straight_2,
          infiniplex_forest_clump_small, infiniplex_forest_clump_long,
          infiniplex_forest_lined_room_, infiniplex_forest_lined_4_way

Skill      XL: |  1  2 |
---------------+-------+-----
Transmutations | 2 |  2.1
Dodging        | |  1.5
Stealth        | |  3.6
Spellcasting   | |  2.0
Poison Magic   | |  4.4

Action                   || total
-------------------------++-------
Melee: Unarmed           ||    13
       Spear             ||     5
 Cast: Sting             ||    14
Armor: Robe              ||     4
Dodge: Dodged            ||     8

Table legend: (Time is in decaauts)
 A = Elapsed time spent in this place.
 B = Non-inter-level travel time spent in this place.
 C = Inter-level travel time spent in this place.
 D = Time resting spent in this place.
 E = Time spent auto-exploring this place.
 F = Levels seen in this place.
 G = Mean time per level.
                   A        B        C        D        E       F      G
               +--------+--------+--------+--------+--------+-----+--------+
         Total |    179 |    179 |      0 |      0 |      0 |   2 |   89.5 |
       Dungeon |    179 |    179 |      0 |      0 |      0 |   2 |   89.5 |
               +--------+--------+--------+--------+--------+-----+--------+

Top non-repeatable levels by time:
     D:1: 129 daAuts
     D:2: 49 daAuts
